NWL (28 & UNDER)
BISMARCK BARONS @ MOOSE JAW GHOSTBUSTERS
05/03/2026
 
TOP OF THE 1ST
Bismarck Barons batting - Pitching for Moose Jaw Ghostbusters : RHP Máximo Marín
Pitching: RHP Máximo Marín
Batting: LHB John Frost 0-0: Ball
1-0: Ball
2-0: Called Strike
2-1: Foul Ball, location: 2F
2-2: Hit by Pitch
Batting: RHB Norm Francis 0-0: Ball
1-0: Ball
2-0: Foul Ball, location: 2F
2-1: Ball
3-1: Swinging Strike
3-2: Foul Ball, location: 2F
3-2: Ground out 5-3 (Groundball, 56S)
John Frost to second
Batting: LHB Edwin Ryan 0-0: Called Strike
John Frost is caught stealing 3rd base
0-1: Fly out, F3 (Line Drive, 34S)
Top of the 1st over - 0 run(s), 0 hit(s), 0 error(s), 0 left on base; Bismarck 0 - Moose Jaw 0
BOTTOM OF THE 1ST
Moose Jaw Ghostbusters batting - Pitching for Bismarck Barons : RHP Ray McIntyre
Pitching: RHP Ray McIntyre
Batting: RHB Manuel Pérez 0-0: Called Strike
0-1: Ball
1-1: SINGLE (Groundball, 5D)
Batting: LHB Will Vale 0-0: Swinging Strike
0-1: Ball
Passed Ball!
Manuel Pérez to second
1-1: Ground out 6-3 (Groundball, 6)
Batting: RHB John Major 0-0: Ball
1-0: SINGLE (Flyball, 6MD)
Manuel Pérez to third
Runner from 3rd tries for Home, SAFE, no throw or cutoff
Batting: SHB Martín Cruz 0-0: Called Strike
0-1: Grounds into double play, U4-3 (Groundball, 4)
Bottom of the 1st over - 1 run(s), 2 hit(s), 0 error(s), 0 left on base; Bismarck 0 - Moose Jaw 1
TOP OF THE 2ND
Bismarck Barons batting - Pitching for Moose Jaw Ghostbusters : RHP Máximo Marín
Batting: RHB Eric Fuller 0-0: Called Strike
0-1: Swinging Strike
0-2: Foul Ball, location: 2F
0-2: Ball
1-2: Foul Ball, location: 2F
1-2: Strikes out looking
Batting: SHB António De La Cruz 0-0: Swinging Strike
0-1: Swinging Strike
0-2: Strikes out swinging
Batting: RHB Herb Bunch 0-0: Ball
1-0: SINGLE (Groundball, 56D)
Batting: RHB David Canseco 0-0: Called Strike
0-1: Ball
1-1: Swinging Strike
1-2: Foul Ball, location: 2F
1-2: Ball
2-2: Ball
3-2: Hit by Pitch
Herb Bunch to second
Batting: RHB Michael Thomas 0-0: Ball
1-0: Called Strike
1-1: Ball
2-1: Foul Ball, location: 2F
2-2: Strikes out swinging
Top of the 2nd over - 0 run(s), 1 hit(s), 0 error(s), 2 left on base; Bismarck 0 - Moose Jaw 1
BOTTOM OF THE 2ND
Moose Jaw Ghostbusters batting - Pitching for Bismarck Barons : RHP Ray McIntyre
Batting: LHB Dave Stewart 0-0: Called Strike
0-1: SOLO HOME RUN (Flyball, 7LD), Distance : 349 ft
Batting: RHB Luis Miguel Sánchez 0-0: Ball
1-0: Bunted foul
1-1: Ball
2-1: Ball
3-1: Fly out, F9 (Line Drive, 89S)
Batting: RHB Dan Hooper 0-0: Called Strike
0-1: Swinging Strike
0-2: Ball
1-2: Ball
2-2: Foul Ball, location: 2F
2-2: Foul Ball, location: 2F
2-2: Ground out 4-3 (Groundball, 4)
Batting: RHB Juan Vázquez 0-0: Called Strike
0-1: Ball
1-1: Called Strike
1-2: Fly out, F9 (Flyball, 9M)
Bottom of the 2nd over - 1 run(s), 1 hit(s), 0 error(s), 0 left on base; Bismarck 0 - Moose Jaw 2
TOP OF THE 3RD
Bismarck Barons batting - Pitching for Moose Jaw Ghostbusters : RHP Máximo Marín
Batting: RHB Pancho Torres 0-0: Swinging Strike
0-1: Foul Ball, location: 2F
0-2: Strikes out swinging
Batting: LHB John Frost 0-0: Ball
1-0: Ball
2-0: Ball
3-0: Called Strike
3-1: Ground out 1-3 (Groundball, 13)
Batting: RHB Norm Francis 0-0: SINGLE (Line Drive, 78S)
Batting: LHB Edwin Ryan 0-0: Called Strike
0-1: Ball
1-1: Foul Ball, location: 2F
1-2: Ball
2-2: Foul Ball, location: 2F
2-2: Foul Ball, location: 2F
2-2: Ball
3-2: Base on Balls
Norm Francis to second
Batting: RHB Eric Fuller 0-0: Called Strike
0-1: Ball
1-1: Foul Ball, location: 2F
1-2: Ball
2-2: 3-RUN HOME RUN (Flyball, 89XD), Distance : 396 ft
Batting: SHB António De La Cruz 0-0: Swinging Strike
0-1: Swinging Strike
0-2: Ball
1-2: Strikes out swinging
Top of the 3rd over - 3 run(s), 2 hit(s), 0 error(s), 0 left on base; Bismarck 3 - Moose Jaw 2
BOTTOM OF THE 3RD
Moose Jaw Ghostbusters batting - Pitching for Bismarck Barons : RHP Ray McIntyre
Batting: RHB Shawn Bane 0-0: Swinging Strike
0-1: Ball
1-1: Foul Ball, location: 2F
1-2: Foul Ball, location: 2F
1-2: Strikes out swinging
Batting: RHB Manuel Pérez 0-0: Ball
1-0: Ball
2-0: Fly out, F4 (Popup, 4D)
Batting: LHB Will Vale 0-0: Foul Ball, location: 2F
0-1: Foul Ball, location: 2F
0-2: Ground out U3 (Groundball, 3S)
Bottom of the 3rd over - 0 run(s), 0 hit(s), 0 error(s), 0 left on base; Bismarck 3 - Moose Jaw 2
TOP OF THE 4TH
Bismarck Barons batting - Pitching for Moose Jaw Ghostbusters : RHP Máximo Marín
Batting: RHB Herb Bunch 0-0: Called Strike
0-1: Ball
1-1: Ball
2-1: Ball
3-1: Base on Balls
Batting: RHB David Canseco 0-0: Ball
1-0: Foul Ball, location: 2F
1-1: Called Strike
1-2: Ball
2-2: Foul Ball, location: 2F
2-2: Ball
3-2: Strikes out swinging
Batting: RHB Michael Thomas 0-0: Ball
1-0: Called Strike
1-1: Foul Ball, location: 2F
1-2: Strikes out swinging
Batting: RHB Pancho Torres 0-0: Called Strike
0-1: Swinging Strike
0-2: Ball
1-2: Strikes out looking
Top of the 4th over - 0 run(s), 0 hit(s), 0 error(s), 1 left on base; Bismarck 3 - Moose Jaw 2
BOTTOM OF THE 4TH
Moose Jaw Ghostbusters batting - Pitching for Bismarck Barons : RHP Ray McIntyre
Batting: RHB John Major 0-0: Ball
1-0: Ball
2-0: Called Strike
2-1: Ground out 6-3 (Groundball, 6MS)
Batting: SHB Martín Cruz 0-0: Ball
1-0: Called Strike
1-1: Swinging Strike
1-2: Strikes out looking
Batting: LHB Dave Stewart 0-0: Swinging Strike
0-1: Swinging Strike
0-2: Ball
1-2: Ball
2-2: Foul Ball, location: 2F
2-2: Strikes out swinging
Bottom of the 4th over - 0 run(s), 0 hit(s), 0 error(s), 0 left on base; Bismarck 3 - Moose Jaw 2
TOP OF THE 5TH
Bismarck Barons batting - Pitching for Moose Jaw Ghostbusters : RHP Máximo Marín
Batting: LHB John Frost 0-0: Reached on error, E1 (Groundball, 13S)
Batting: RHB Norm Francis 0-0: Ball
1-0: Ball
2-0: Ball
3-0: Called Strike
3-1: 2-RUN HOME RUN (Flyball, 78XD), Distance : 426 ft
Batting: LHB Edwin Ryan 0-0: Called Strike
0-1: Ball
1-1: Called Strike
1-2: Foul Ball, location: 2F
1-2: Ball
2-2: Foul Ball, location: 2F
2-2: Ball
3-2: Base on Balls
Pitching: RHP Andrés Ruíz
Batting: RHB Eric Fuller 0-0: Swinging Strike
0-1: Foul Ball, location: 2F
0-2: Ball
1-2: Strikes out swinging
Batting: SHB António De La Cruz 0-0: Called Strike
0-1: Ball
1-1: SINGLE (Line Drive, 56D)
Edwin Ryan to second
Batting: RHB Herb Bunch 0-0: Called Strike
0-1: Ball
1-1: Foul Ball, location: 2F
1-2: Foul Ball, location: 2F
1-2: Foul Ball, location: 2F
1-2: Ball
2-2: Ball
3-2: Strikes out swinging
Batting: RHB David Canseco 0-0: Ball
1-0: Ground out 3-1 (Groundball, 34)
Top of the 5th over - 2 run(s), 2 hit(s), 1 error(s), 2 left on base; Bismarck 5 - Moose Jaw 2
BOTTOM OF THE 5TH
Moose Jaw Ghostbusters batting - Pitching for Bismarck Barons : RHP Ray McIntyre
Batting: RHB Luis Miguel Sánchez 0-0: Ball
1-0: Ground out 1-3 (Groundball, 13S)
Batting: RHB Dan Hooper 0-0: Called Strike
0-1: Ground out 6-3 (Groundball, 6)
Batting: RHB Juan Vázquez 0-0: Ground out 4-3 (Groundball, 4)
Bottom of the 5th over - 0 run(s), 0 hit(s), 0 error(s), 0 left on base; Bismarck 5 - Moose Jaw 2
TOP OF THE 6TH
Bismarck Barons batting - Pitching for Moose Jaw Ghostbusters : RHP Andrés Ruíz
Batting: RHB Michael Thomas 0-0: Ball
1-0: Ball
2-0: Ball
3-0: Called Strike
3-1: Fly out, F8 (Line Drive, 8LM)
Batting: RHB Pancho Torres 0-0: Foul Ball, location: 2F
0-1: Swinging Strike
0-2: Strikes out swinging, 2-3 out at first.
Batting: LHB John Frost 0-0: Ball
1-0: Ball
2-0: Ball
3-0: Base on Balls
Batting: RHB Norm Francis 0-0: Called Strike
0-1: Ball
Pickoff Throw to First - Error! E1
John Frost to second
1-1: Foul Ball, location: 2F
1-2: Ball
2-2: SINGLE (Groundball, 6MD)
John Frost to third
Runner from 3rd tries for Home, SAFE, no throw or cutoff
Batting: LHB Edwin Ryan 0-0: Ball
1-0: Foul Ball, location: 2F
1-1: Fielders Choice at 2nd, U4 (Groundball, 4M)
Top of the 6th over - 1 run(s), 1 hit(s), 1 error(s), 1 left on base; Bismarck 6 - Moose Jaw 2
BOTTOM OF THE 6TH
Moose Jaw Ghostbusters batting - Pitching for Bismarck Barons : RHP Ray McIntyre
Batting: RHB Shawn Bane 0-0: Ball
1-0: Ball
2-0: Ball
3-0: Called Strike
3-1: Fly out, F9 (Flyball, 89XD)
Batting: RHB Manuel Pérez 0-0: Called Strike
0-1: SINGLE (Groundball, 6MD) (infield hit)
Batting: LHB Will Vale 0-0: Foul Ball, location: 2F
0-1: Grounds into double play, 6-4-3 (Groundball, 6)
Bottom of the 6th over - 0 run(s), 1 hit(s), 0 error(s), 0 left on base; Bismarck 6 - Moose Jaw 2
TOP OF THE 7TH
Bismarck Barons batting - Pitching for Moose Jaw Ghostbusters : RHP Andrés Ruíz
Pitching: RHP António Peña
Batting: RHB Eric Fuller 0-0: Ball
1-0: Ball
2-0: Called Strike
2-1: Ball
3-1: Base on Balls
Batting: SHB António De La Cruz 0-0: Called Strike
0-1: Ball
1-1: Ball
2-1: Foul Ball, location: 2F
2-2: Ball
3-2: Foul Ball, location: 2F
3-2: Foul Ball, location: 2F
3-2: Foul Ball, location: 2F
3-2: Fly out, F8 (Flyball, 8RD)
Batting: RHB Herb Bunch 0-0: Called Strike
Eric Fuller is caught stealing 2nd base
0-1: Foul Ball, location: 2F
0-2: Foul Ball, location: 2F
0-2: Ball
1-2: Fly out, F7 (Line Drive, 7M)
Top of the 7th over - 0 run(s), 0 hit(s), 0 error(s), 0 left on base; Bismarck 6 - Moose Jaw 2
BOTTOM OF THE 7TH
Moose Jaw Ghostbusters batting - Pitching for Bismarck Barons : RHP Ray McIntyre
Batting: RHB John Major 0-0: Ground out 3-1 (Groundball, 34)
Batting: SHB Martín Cruz 0-0: Ball
1-0: Ball
2-0: Foul Ball, location: 2F
2-1: Foul Ball, location: 2F
2-2: Ball
3-2: Strikes out looking
Batting: LHB Dave Stewart 0-0: Ground out U3 (Groundball, 3)
Bottom of the 7th over - 0 run(s), 0 hit(s), 0 error(s), 0 left on base; Bismarck 6 - Moose Jaw 2
TOP OF THE 8TH
Bismarck Barons batting - Pitching for Moose Jaw Ghostbusters : RHP António Peña
Batting: RHB David Canseco 0-0: Ball
1-0: Ball
2-0: Ball
3-0: Called Strike
3-1: Base on Balls
Batting: RHB Michael Thomas 0-0: Bunt missed!
0-1: Sac Bunt - play at first, batter OUT! 1-4
David Canseco to second
Batting: RHB Pancho Torres 0-0: Foul Ball, location: 2F
0-1: Ball
1-1: Fly out, F6 (Popup, 6MD)
Batting: LHB John Frost 0-0: Swinging Strike
0-1: Foul Ball, location: 2F
0-2: Ball
1-2: Foul Ball, location: 2F
1-2: Ground out 4-3 (Groundball, 4)
Top of the 8th over - 0 run(s), 0 hit(s), 0 error(s), 1 left on base; Bismarck 6 - Moose Jaw 2
BOTTOM OF THE 8TH
Moose Jaw Ghostbusters batting - Pitching for Bismarck Barons : RHP Ray McIntyre
Batting: RHB Luis Miguel Sánchez 0-0: Called Strike
0-1: Ball
1-1: Called Strike
1-2: Strikes out swinging
Batting: RHB Dan Hooper 0-0: Ball
1-0: Ball
2-0: Called Strike
2-1: Foul Ball, location: 2F
2-2: SINGLE (Line Drive, 7LS)
Pitching: RHP Francisco Anaya
Batting: RHB Juan Vázquez 0-0: Ball
1-0: Foul Ball, location: 2F
1-1: Ball
2-1: Foul Ball, location: 2F
2-2: SINGLE (Groundball, 56D) (infield hit)
Dan Hooper to second
Batting: RHB Shawn Bane 0-0: Ball
1-0: Ball
2-0: Grounds into double play, 5-4-3 (Groundball, 5)
Bottom of the 8th over - 0 run(s), 2 hit(s), 0 error(s), 1 left on base; Bismarck 6 - Moose Jaw 2
TOP OF THE 9TH
Bismarck Barons batting - Pitching for Moose Jaw Ghostbusters : RHP António Peña
Batting: RHB Norm Francis 0-0: Ball
1-0: Fly out, F8 (Flyball, 8LM)
Batting: LHB Edwin Ryan 0-0: Swinging Strike
0-1: Ball
1-1: Ball
2-1: Called Strike
2-2: Foul Ball, location: 2F
2-2: Strikes out swinging
Batting: RHB Eric Fuller 0-0: Ball
1-0: Swinging Strike
1-1: Ball
2-1: Called Strike
2-2: Fly out, F3 (Popup, 3D)
Top of the 9th over - 0 run(s), 0 hit(s), 0 error(s), 0 left on base; Bismarck 6 - Moose Jaw 2
BOTTOM OF THE 9TH
Moose Jaw Ghostbusters batting - Pitching for Bismarck Barons : RHP Francisco Anaya
Batting: RHB Manuel Pérez 0-0: Ball
1-0: Bunt missed!
1-1: Ball
2-1: Ball
3-1: Foul Ball, location: 2F
3-2: Strikes out looking
Batting: LHB Will Vale 0-0: Foul Ball, location: 2F
0-1: Ball
1-1: Ground out 5-3 (Groundball, 56S)
Batting: RHB John Major 0-0: Foul Ball, location: 2F
0-1: Foul Ball, location: 2F
0-2: Foul Ball, location: 2F
0-2: Ball
1-2: Strikes out swinging
Bottom of the 9th over - 0 run(s), 0 hit(s), 0 error(s), 0 left on base; Bismarck 6 - Moose Jaw 2
Monday, December 5th, 2016 - OOTP Baseball 17.12 Build 75